 Dungeon Crawl Stone Soup version 0.26-a0-708-g17f3b190f9 (webtiles) character file.

Game seed: 8140553642091460097

357 vortex the Skirmisher (level 6, -12/57 HPs)
             Began as a Hill Orc Monk on Oct 28, 2020.
             Mangled by an ogre
             ... wielding a cursed +0 giant club
              (16 damage)
             ... on level 3 of the Dungeon.
             The game lasted 00:14:36 (4766 turns).

vortex the Skirmisher (Hill Orc Monk)               Turns: 4766, Time: 00:14:37

Health: -12/57     AC:  5    Str: 16    XL:     6   Next: 64%
Magic:  15/15      EV: 12    Int: 10    God:
Gold:   229        SH:  0    Dex: 13    Spells: 5/5 levels left

rFire    . . .     SeeInvis .   a - +0 hand axe
rCold    + . .     Faith    .   (no shield)
rNeg     . . .     Spirit   .   j - +0 ring mail
rPois    .         Reflect  .   (no helmet)
rElec    .         Harm     .   (no cloak)
rCorr    .         Rampage  .   (no gloves)
MR       .....                  (no boots)
Stlth    +.........             (no amulet)
HPRegen  0.19/turn              d - ring of protection from cold
MPRegen  0.14/turn              i - ring of magical power

@: no status effects
A: no striking features
a: no special abilities


You were on level 3 of the Dungeon.
You visited 1 branch of the dungeon, and saw 4 of its levels.

You collected 229 gold pieces.

Inventory:

Hand Weapons
 a - a +0 hand axe (weapon)
 p - a +0 hunting sling
Missiles
 e - 70 stones
 m - 2 poisoned darts (quivered)
 s - 8 silver javelins
 w - a throwing net
Armour
 j - a +0 ring mail (worn)
 l - a +3 chain mail
Jewellery
 d - a ring of protection from cold (left hand)
 i - a ring of magical power (right hand)
 o - an uncursed ring of ice {unknown}
Scrolls
 b - a scroll of enchant armour {unknown}
 f - 2 scrolls of magic mapping {unknown}
 g - 3 scrolls of identify {unknown}
 q - a scroll of enchant weapon {unknown}
 t - a scroll of fog {unknown}
 v - a scroll of fear {unknown}
Potions
 c - a potion of berserk rage {unknown}
 h - 3 potions of curing {unknown}
 k - 3 potions of mutation {unknown}
 n - 2 potions of stabbing {unknown}
 r - a potion of lignification {unknown}
 u - a potion of cancellation {unknown}


   Skills:
 * Level 6.0 Fighting
 + Level 5.4 Axes
 + Level 1.2 Throwing
 + Level 2.7 Armour
 + Level 3.3 Dodging
 - Level 1.5 Stealth
 - Level 0.2 Spellcasting


You had 5 spell levels left.
You didn't know any spells.
Your spell library was empty.

Dungeon Overview and Level Annotations

Branches:
Dungeon (4/15)
 Temple: D:4-7

Altars:
Makhleb
Okawaru
Qazlal
Xom


Message History

You are too injured to fight recklessly!
You hit the ogre but do no damage.
The ogre is heavily wounded.
The ogre misses you.
You hit the ogre but do no damage.
The ogre is heavily wounded.
You hit the ogre.
The ogre is heavily wounded.
The ogre closely misses you.
You hit the ogre.
The ogre is severely wounded.
The ogre closely misses you.
You hit the ogre.
The ogre is almost dead.
The ogre hits you with a cursed +0 giant club!
* * * LOW HITPOINT WARNING * * *
You barely miss the ogre.
The ogre is almost dead.
The ogre hits you with a cursed +0 giant club!
You die...

#.##..#...##.# #.........#
#..##..#.###.# #.........# #
#........# #.# ##.........###
#####........# #.# #.............
........##.#.# #.# #.####.##.....
.......###.#.###.###.###..#..#...
.....................##..#..##...
.......##........................
.......#####...†@................
###.##..####....O....#########...
#.##............##.# #...
###.##.####.......##.# #...
.......# #..........# ###...
#......# #..........#### #.....
##.....# #.............####.#.##
_##....# ####.......##........#
##.....# #.......###...##.##


You could see an ogre.

Vanquished Creatures
  2 orc priests (D:3)
  An iguana (D:4)
  Terence (D:2)
  3 orc wizards (D:3)
  6 adders
  2 oozes
  2 worms (D:2)
  3 dart slugs
  12 orcs
  6 giant cockroaches
  9 goblins
  7 hobgoblins
  3 jackals (D:2)
  2 ball pythons
  8 bats
  6 frilled lizards
  12 kobolds
  5 rats
90 creatures vanquished.

Vanquished Creatures (others)
  9 plants (D:2)
9 creatures vanquished.

Grand Total: 99 creatures vanquished

Notes
Turn   | Place    | Note
-------+----------+-------------------------------------------
     0 | D:1      | vortex the Hill Orc Monk began the quest for the Orb.
     0 | D:1      | Reached XP level 1. HP: 19/19 MP: 1/1
    62 | D:1      | Reached XP level 2. HP: 21/27 MP: 2/2
   391 | D:1      | Reached skill level 4 in Fighting
   874 | D:1      | Reached XP level 3. HP: 33/33 MP: 3/3
   880 | D:1      | Reached skill level 1 in Armour
  1706 | D:2      | Reached XP level 4. HP: 22/41 MP: 4/4
  2810 | D:3      | Noticed Terence
  2847 | D:2      | Killed Terence
  2847 | D:2      | Reached skill level 5 in Fighting
  2847 | D:2      | Reached XP level 5. HP: 39/48 MP: 5/5
  3312 | D:2      | Found a shimmering altar of Xom.
  3495 | D:3      | Reached skill level 5 in Axes
  3922 | D:3      | Reached XP level 6. HP: 44/57 MP: 6/6
  4213 | D:3      | Reached skill level 1 in Throwing
  4545 | D:3      | Found a stormy altar of Qazlal.
  4547 | D:3      | Found a burning altar of Makhleb.
  4552 | D:3      | Found an iron altar of Okawaru.
  4668 | D:4      | Reached skill level 6 in Fighting
  4766 | D:3      | Mangled by an ogre

Illustrated notes

Levels and vault maps discovered:
D:1:      roderic_octagonal_star, layout_basic
D:2:      lemuel_upstairs_altar, layout_loops_corners, serial_forest,
          infiniplex_forest_lined_2, infiniplex_forest_clump_double,
          infiniplex_forest_clump_curved, infiniplex_forest_end_3,
          infiniplex_forest_zigzag_2
D:3:      layout_rooms, grunt_temple_overflow_diamond, uniq_terence
D:4:      layout_basic, lemuel_statue_altar

Skill      XL: |  1  2  3  4  5  6 |
---------------+-------------------+-----
Fighting       | 4 5 6 |  6.0
Armour         | 1 2 |  2.7
Dodging        | 3 |  3.3
Axes           | 5 |  5.4
Throwing       | 1 |  1.2
Stealth        | |  1.5
Spellcasting   | |  0.2

Action                   |  1- 3 |  4- 6 || total
-------------------------+-------+-------++-------
Melee: Hand axe          |   115 |   250 ||   365
Throw: Dart              |       |    14 ||    14
       Stone             |       |     5 ||     5
 Stab: Sleeping          |     2 |       ||     2
       Distracted        |     1 |       ||     1
Armor: Robe              |     3 |       ||     3
       Leather armour    |    11 |       ||    11
       Ring mail         |    19 |    66 ||    85
Dodge: Dodged            |    63 |   172 ||   235

Table legend: (Time is in decaauts)
 A = Elapsed time spent in this place.
 B = Non-inter-level travel time spent in this place.
 C = Inter-level travel time spent in this place.
 D = Time resting spent in this place.
 E = Time spent auto-exploring this place.
 F = Levels seen in this place.
 G = Mean time per level.
                   A        B        C        D        E       F      G
               +--------+--------+--------+--------+--------+-----+--------+
         Total |   4802 |   4571 |    231 |    438 |   3347 |   4 | 1200.5 |
       Dungeon |   4802 |   4571 |    231 |    438 |   3347 |   4 | 1200.5 |
               +--------+--------+--------+--------+--------+-----+--------+

Top non-repeatable levels by time:
     D:2: 2414 daAuts
     D:3: 1182 daAuts
     D:1: 1078 daAuts
     D:4: 125 daAuts
